 Dungeon Sprint DCSS version 0.28.0-62-gf88900778d (webtiles) character file.

Game seed: 8629357972715053839

593 cbfl8 the Fighter (level 7, -3/108 HPs)
             Began as a Minotaur Fighter on Jan 14, 2024.
             Was an Initiate of Trog.
             Slain by Sonja
             ... wielding a +0 short sword of distortion
              (6 damage)
             ... in the Dungeon (Sprint I: "Red Sonja").
             The game lasted 00:01:50 (1302 turns).

cbfl8 the Fighter (Minotaur Fighter)                Turns: 1302, Time: 00:01:50

Health: -3/108     AC:  4    Str: 21    XL:     7   Next: 16%
Magic:  6/6        EV:  9    Int:  5    God:    Trog [......]
Gold:   414        SH:  6    Dex: 11    Spells: 6/6 levels left

rFire   . . .      SeeInvis .   a - +0 war axe
rCold   . . .      Faith    .   c - +0 buckler
rNeg    . . .      Spirit   .   b - +0 scale mail
rPois   .          Reflect  .   (helmet restricted)
rElec   .          Harm     .   (no cloak)
rCorr   .          Rampage  .   (no gloves)
Will    .....      NoTele   +   (no boots)
Stlth   ..........              (no amulet)
HPRegen 0.28/turn               (no ring)
MPRegen 0.10/turn               (no ring)

@: berserking, corroded, slowed
A: horns 2, retaliatory headbutt
a: Renounce Religion


You were in the Dungeon.
You worshipped Trog.
Trog was noncommittal.
You visited 1 branch You collected 414 gold pieces.

Inventory:

Hand Weapons
 a - a +0 war axe (weapon)
Armour
 b - a +0 scale mail (worn)
 c - a +0 buckler (worn)
Wands
 d - a wand of flame (34) (quivered)
Scrolls
 j - a scroll of blinking
Potions
 e - a potion of curing
 g - a potion of haste
 h - 2 potions of magic


   Skills:
 + Level 10.0 Fighting
 + Level 7.5 Axes
 + Level 9.7 Armour
 - Level 0.2 Dodging
 + Level 9.3 Shields
 * Level 5.4 Evocations


You had 6 spell levels left.
You didn't know any spells.
Your spell library was empty.

Dungeon Overview and Level Annotations

Branches:
Dungeon (1/1)

Altars:
Cheibriados
Dithmenos
Elyvilon
Fedhas
Gozag
Hepliaklqana
Kikubaaqudgha
Makhleb
Nemelex Xobeh
Okawaru
Qazlal
Ru
Sif Muna
Trog
Uskayaw
Vehumet
Wu Jian
Xom
Yredelemnul
Zin
The Shining One
Jiyva
Lugonu

Shops:
D ?

Annotations:
D Sonja


Innate Abilities, Weirdness & Mutations

You have a pair of horns on your head.
You reflexively headbutt those who attack you in melee.


Message History

You open the door.
Sonja, the Graceful Assassin comes into view.
She is wielding a +0 short sword of distortion, quivering curare-tipped darts and carrying a wand of acid (11).
Sonja shouts!
Sonja zaps a wand.
The bolt of acid hits you!! The acid corrodes you!
Sonja throws a curare-tipped dart.
The curare-tipped dart hits you.
You are poisoned.
You have difficulty breathing.
You feel yourself slow down.
Found 108 gold pieces.
You feel very sick.
Sonja throws a curare-tipped dart.
The curare-tipped dart hits you.
You are more poisoned.
You have difficulty breathing.
You feel as though you will be slow longer.
There is a radiant altar of Vehumet here.
You feel better.
Sonja gestures wildly while chanting.
Sonja blinks!
Okay, then.
A red film seems to cover your vision as you go berserk!
You feel yourself moving faster!
You feel mighty! Sonja hits you but does no damage. Space warps around you.
Sonja hits you with a +0 short sword of distortion.
Space warps around you.
Sonja hits you with a +0 short sword of distortion.
* * * LOW HITPOINT WARNING * * *
Space warps around you.
* * * LOW HITPOINT WARNING * * *
Sonja hits you with a +0 short sword of distortion.
* * * LOW HITPOINT WARNING * * *
Sonja hits you with a +0 short sword of distortion.
* * * LOW HITPOINT WARNING * * *
Space warps horribly around you.
* * * LOW HITPOINT WARNING * * *
Sonja hits you with a +0 short sword of distortion.
* * * LOW HITPOINT WARNING * * *
Space warps around you.
* * * LOW HITPOINT WARNING * * *
You completely miss Sonja. Your headbutt misses Sonja.
Sonja hits you with a +0 short sword of distortion.
You die...

######################
#<.#.))..#..'..#__#..+
#..'..#..').#..'..'..#
#..#####'#####'#__####
#..####..#...#)####
#..#__####..##.#
#..#_____##'#_.+
#⌠⌠#_.∩...÷K.._#
####_..__##@.#'#
#_____###'#.# #######
#.### $.$ $.$# ##.##
#+#


You could see Sonja.

Vanquished Creatures
  A slime creature (D)
  Sigmund (D)
  A yak (D)
  An ogre (D)
  A jelly (D)
  Ijyb (D)
6 creatures vanquished.

Notes
Turn   | Place    | Note
-------+----------+-------------------------------------------
     0 | D        | cbfl8 the Minotaur Fighter began the quest for the Orb.
     0 | D        | Reached XP level 1. HP: 19/19 MP: 0/0
     3 | D        | Noticed Ijyb
     7 | D        | Killed Ijyb
     8 | D        | Reached skill level 5 in Fighting
     8 | D        | Reached skill level 5 in Armour
     8 | D        | Reached skill level 5 in Shields
     8 | D        | Reached XP level 2. HP: 8/29 MP: 1/1
   237 | D        | Noticed an ogre
   241 | D        | Killed an ogre
   242 | D        | Reached skill level 6 in Fighting
   242 | D        | Reached XP level 3. HP: 38/38 MP: 2/2
   242 | D        | Reached XP level 4. HP: 45/45 MP: 3/3
   255 | D        | Noticed Sigmund
   268 | D        | HP: 1/45 [Sigmund/+0 scythe (15)]
   272 | D        | Killed Sigmund
   273 | D        | Reached skill level 8 in Fighting
   273 | D        | Reached skill level 5 in Axes
   273 | D        | Reached XP level 5. HP: 28/56 MP: 4/4
   642 | D        | Found an ornate altar of the Wu Jian Council.
   642 | D        | Found a shimmering blue altar of Sif Muna.
   648 | D        | Reached XP level 6. HP: 62/62 MP: 5/5
   848 | D        | Found a radiant altar of Vehumet.
   872 | D        | Found Anedome's Magic Scroll Emporium.
   872 | D        | Found an ancient bone altar of Kikubaaqudgha.
   872 | D        | Found a hazy altar of Hepliaklqana.
   872 | D        | Found a stormy altar of Qazlal.
   872 | D        | Found a hide-covered altar of Uskayaw.
   872 | D        | Found a blossoming altar of Fedhas.
   872 | D        | Found a bloodstained altar of Trog.
   872 | D        | Found an iron altar of Okawaru.
   872 | D        | Found a basalt altar of Yredelemnul.
   872 | D        | Found a glowing golden altar of the Shining One.
   872 | D        | Found a snail-covered altar of Cheibriados.
   872 | D        | Found a sacrificial altar of Ru.
   872 | D        | Found a glowing silver altar of Zin.
   872 | D        | Found a shadowy altar of Dithmenos.
   872 | D        | Found a white marble altar of Elyvilon.
   872 | D        | Noticed a yak
   880 | D        | Killed a yak
   881 | D        | Reached skill level 9 in Fighting
   881 | D        | Found an opulent altar of Gozag.
   882 | D        | Found a sparkling altar of Nemelex Xobeh.
  1059 | D        | Found a burning altar of Makhleb.
  1059 | D        | Found a viscous altar of Jiyva.
  1059 | D        | Found a shimmering altar of Xom.
  1059 | D        | Found a corrupted altar of Lugonu.
  1059 | D        | Noticed a slime creature
  1065 | D        | Killed a slime creature
  1066 | D        | Reached skill level 10 in Fighting
  1066 | D        | Reached skill level 5 in Evocations
  1066 | D        | Reached XP level 7. HP: 55/72 MP: 6/6
  1252 | D        | Became a worshipper of Trog the Wrathful
  1298 | D        | Noticed Sonja
  1301 | D        | HP: 3/108 [Sonja/+0 short sword of distortion (4)]
  1302 | D        | Slain by Sonja

Illustrated notes

Levels and vault maps discovered:
D:        dungeon_sprint_1 [red_sonja_temple_1, red_sonja_temple_small_1]

Skill      XL: |  1  2  3  4  5  6 |
---------------+-------------------+-----
Fighting       | 5 6 8 10 | 10.0
Axes           | 3 4 5 7 |  7.5
Armour         | 5 6 8 9 |  9.7
Shields        | 5 6 8 9 |  9.3
Evocations     | 2 4 5 |  5.4
Dodging        | |  0.2

Action                   |  1- 3 |  4- 6 |  7- 9 || total
-------------------------+-------+-------+-------++-------
Melee: War axe           |     5 |    18 |     1 ||    24
       Headbutt          |     1 |     4 |       ||     5
Evoke: Wand              |     2 |     2 |       ||     4
  Use: Potion            |     1 |     1 |     2 ||     4
Armor: Scale mail        |       |     3 |     1 ||     4
Dodge: Dodged            |     3 |     6 |       ||     9
Block: Buckler           |       |     1 |       ||     1
